 Dungeon Crawl Stone Soup version 0.19.5 (webtiles) character file.

7504 mopl the Slicer (level 10, -7/71 HPs)
             Began as a High Elf Berserker on Sept 2, 2018.
             Was a High Priest of Trog.
             Splashed by Maurice's acid (11 damage)
             ... on level 9 of the Dungeon.
             The game lasted 00:31:00 (6483 turns).

mopl the Slicer (High Elf Berserker)                Turns: 6483, Time: 00:31:00

Health: -7/71      AC: 11    Str: 19    XL:     10   Next: 95%
Magic:  11/11      EV:  9    Int: 10    God:    Trog [*****.]
Gold:   5          SH:  0    Dex: 17    Spells: 0 memorised, 9 levels left

rFire  . . .     SeeInvis .     a - +6 rapier (speed)
rCold  . . .     Gourm    .     w - +0 plate armour
rNeg   . . .     Faith    .     (no shield)
rPois  .         Spirit   .     z - +0 hat
rElec  .         Reflect  .     B - +0 cloak
rCorr  .         Harm     .     N - +0 pair of gloves
MR     +++..                    (no boots)
Stlth  ..........               (no amulet)
                                (no ring)
                                (no ring)

@: lethally poisoned (-7 -> -7), exhausted, corroded, regenerating, slowed, very
slow
A: no striking features
a: Berserk, Trog's Hand, Brothers in Arms, Burn Spellbooks, Renounce Religion


You were on level 9 of the Dungeon.
You worshipped Trog.
Trog was extremely pleased with you.
You were not hungry.

You visited 1 branch of the dungeon, and saw 9 of its levels.

You collected 5 gold pieces.

Inventory:

Hand Weapons
 a - a +6 rapier of speed (weapon)
 b - a +0 shortbow
Missiles
 l - 181 arrows
 m - 74 bolts
 n - 18 poisoned needles
 u - 14 tomahawks (quivered)
 H - 4 javelins
Armour
 w - a +0 plate armour (worn)
 z - a +0 hat (worn)
 B - a +0 cloak (worn)
 N - a +0 pair of gloves (worn)
Wands
 e - a wand of lightning (0/15)
Scrolls
 d - 3 scrolls of immolation
 f - 6 scrolls of remove curse
 g - 3 scrolls of enchant armour {unknown}
 h - 2 scrolls of teleportation
 x - a scroll of holy word {unknown}
 y - a scroll of magic mapping {unknown}
 A - a scroll of recharging {unknown}
 D - a scroll of torment {unknown}
 E - a scroll of blinking {unknown}
 G - a scroll of acquirement {unknown}
 I - 2 scrolls of fog {unknown}
 J - 2 scrolls of fear {unknown}
Potions
 i - 3 potions of haste {unknown}
 k - 6 potions of curing
 o - a potion of flight {unknown}
 q - a potion of might {unknown}
 r - 2 potions of heal wounds {unknown}
 s - a potion of cure mutation {unknown}
 t - a potion of cancellation
 C - a potion of lignification {unknown}
 L - 2 potions of invisibility {unknown}
 M - a potion of berserk rage {unknown}
Comestibles
 c - 10 bread rations
 j - 3 chunks of flesh
 v - 4 meat rations
 K - 3 fruits


   Skills:
 + Level 7.4 Fighting
 * Level 11.7 Short Blades
 * Level 10.6 Bows
 + Level 6.4 Armour
 + Level 6.9 Dodging


You had 9 spell levels left.
You didn't know any spells.

Dungeon Overview and Level Annotations

Branches:
Dungeon (9/15)             Temple (0/1) D:6             Orc (0/2) D:9
   Lair: D:8-11

Altars:
Ashenzari
Hepliaklqana
Qazlal
Ru
Sif Muna
Xom
Zin

Annotations:
D:9 fly, Maurice


Message History

Okay, then.
You feel sick.
Things that are here:
a whip; a chain mail; an inedible chunk of flesh
Things that are here:
a trident; a robe; a scroll of amnesia Your skin crawls.
You feel resistant to hostile enchantments.
You feel somewhat more hungry. Maurice hits you but does no damage.
You feel sick.
Maurice zaps a wand.
The bolt of acid hits you! The acid corrodes you!
You are splashed with acid!
The acid burns!
It is a wand of acid.
Things that are here:
an enchanted dire flail; a robe
Items here: )) [[ a flail; a robe; an enchanted flail; a robe Maurice zaps a wand.
The bolt of acid hits you!
* * * LOW HITPOINT WARNING * * *
You are splashed with acid!
The acid burns!
You die...

≈####≈≈§..## #..........
≈≈##≈≈..§§≈## #..........
.≈##≈...≈§§≈# #........>.
.≈##≈..#≈§§≈≈# #.†........
.≈##≈.###§§≈≈≈##@#.#......
.≈≈≈≈.# ##≈≈≈≈P#)#>#......
..≈≈..# #§§PP#)#.#......
......# #PP=#)#.#
#....###########@#.#
#.##.##........#.#.#
..##....######.#.#.#
#######........).# #
########.### #†#.# #...#
###.# ############.#


You could see Maurice.

Vanquished Creatures
  Erolcha (D:9)
  Pikel (D:8)
  Psyche (D:9)
  3 slime creatures
  A hippogriff (D:8)
  A spriggan (D:8)
  Eustachio (D:6)
  A hungry ghost (D:9)
  5 yaks (D:9)
  Duvessa (D:4)
  A hornet zombie (D:8)
  4 orc warriors
  An ice beast (D:6)
  A black bear (D:7)
  A phantom (D:7)
  4 ogres
  4 centaurs
  A crocodile (D:7)
  Blork the orc (D:4)
  2 bullfrogs
  A wyvern skeleton (D:5)
  A scorpion (D:8)
  Dowan (D:4)
  10 killer bees (D:9)
  13 wights
  4 howler monkeys
  2 crimson imps
  The ghost of Xiguana the Caller, a weakling DESu (D:3)
  2 hounds
  3 quasits
  A jelly (D:6)
  2 orc priests (D:8)
  A centaur skeleton (D:5)
  A gnoll shaman (D:8)
  6 orc wizards
  2 bullfrog skeletons
  3 iguanas
  7 worker ants
  A killer bee zombie (D:8)
  2 worker ant zombies
  12 adders
  4 gnolls (D:8)
  2 shadow imps
  2 oozes
  An adder skeleton (D:9)
  3 worms (D:2)
  A dart slug (D:2)
  7 leopard geckos
  24 orcs
  5 giant cockroaches
  9 goblins
  10 hobgoblins
  9 jackals
  4 kobolds
  6 quokkas
  2 ball pythons
  9 bats
  4 frilled lizards
  A jackal skeleton (D:5)
  A jackal zombie (D:6)
  5 rats
221 creatures vanquished.

Vanquished Creatures (others)
  A gnoll (D:8)
1 creature vanquished.

Grand Total: 222 creatures vanquished

Notes
Turn   | Place    | Note
-------+----------+-------------------------------------------
     0 | D:1      | mopl the High Elf Berserker began the quest for the Orb.
     0 | D:1      | Reached XP level 1. HP: 16/16 MP: 2/2
    88 | D:1      | Reached skill level 2 in Armour
   300 | D:1      | Reached XP level 2. HP: 11/21 MP: 3/3
   601 | D:1      | Reached skill level 4 in Short Blades
   854 | D:2      | Reached XP level 3. HP: 26/26 MP: 4/4
   908 | D:2      | Reached ** piety under Trog
  1297 | D:2      | Reached XP level 4. HP: 14/31 MP: 5/5
  1500 | D:3      | Noticed Xiguana's ghost (weakling DESu)
  1506 | D:3      | Killed Xiguana's ghost
  1713 | D:3      | Reached skill level 5 in Short Blades
  1882 | D:3      | Reached skill level 3 in Armour
  1882 | D:3      | Reached XP level 5. HP: 37/37 MP: 6/6
  2206 | D:4      | Reached *** piety under Trog
  2206 | D:4      | Reached skill level 3 in Dodging
  2230 | D:4      | Noticed Blork the orc
  2257 | D:4      | Killed Blork the orc
  2257 | D:4      | Reached skill level 4 in Fighting
  2257 | D:4      | Reached XP level 6. HP: 24/43 MP: 7/7
  2317 | D:4      | Noticed Dowan
  2319 | D:4      | Noticed Duvessa
  2324 | D:4      | Reached skill level 6 in Short Blades
  2618 | D:4      | Killed Dowan
  2706 | D:4      | Killed Duvessa
  2706 | D:4      | Reached skill level 1 in Bows
  2706 | D:4      | Reached XP level 7. HP: 24/49 MP: 8/8
  2778 | D:5      | Entered Level 5 of the Dungeon
  2868 | D:5      | Reached skill level 7 in Short Blades
  2868 | D:5      | Reached skill level 2 in Bows
  3068 | D:5      | Found a deep blue altar of Sif Muna.
  3203 | D:5      | Reached skill level 4 in Dodging
  3219 | D:5      | Reached skill level 4 in Armour
  3245 | D:5      | Reached skill level 3 in Bows
  3394 | D:6      | Reached skill level 5 in Fighting
  3394 | D:6      | Reached XP level 8. HP: 55/55 MP: 9/9
  3417 | D:6      | Reached skill level 4 in Bows
  3450 | D:6      | Found a staircase to the Ecumenical Temple.
  3548 | D:6      | Found a glowing silver altar of Zin.
  3629 | D:6      | Reached skill level 8 in Short Blades
  3658 | D:6      | HP: 2/82 [wight/enchanted trident (4)]
  3661 | D:6      | Reached skill level 5 in Bows
  3741 | D:6      | Noticed Eustachio
  3744 | D:6      | Received a gift from Trog
  3754 | D:6      | Killed Eustachio
  4013 | D:6      | Reached skill level 6 in Bows
  4142 | D:6      | Reached skill level 5 in Dodging
  4169 | D:6      | Reached skill level 9 in Short Blades
  4178 | D:6      | Reached XP level 9. HP: 62/62 MP: 10/10
  4185 | D:6      | Reached **** piety under Trog
  4330 | D:7      | Received a gift from Trog
  4434 | D:7      | Reached skill level 5 in Armour
  4517 | D:7      | Reached skill level 7 in Bows
  4562 | D:7      | Found a sacrificial altar of Ru.
  4562 | D:7      | Found a shimmering altar of Xom.
  4562 | D:7      | Found a hazy altar of Hepliaklqana.
  4910 | D:7      | Reached skill level 6 in Fighting
  5013 | D:8      | Reached skill level 10 in Short Blades
  5013 | D:8      | Reached skill level 8 in Bows
  5044 | D:8      | Found a shattered altar of Ashenzari.
  5073 | D:8      | Found a stormy altar of Qazlal.
  5155 | D:8      | Noticed Pikel
  5167 | D:8      | Killed Pikel
  5244 | D:8      | Reached XP level 10. HP: 61/69 MP: 11/11
  5318 | D:8      | Received a gift from Trog
  5496 | D:8      | Reached skill level 9 in Bows
  5671 | D:9      | Noticed Maurice
  5672 | D:9      | Noticed Psyche
  5672 | D:9      | Found a staircase to the Orcish Mines.
  5685 | D:9      | Reached skill level 6 in Dodging
  5694 | D:9      | Killed Psyche
  5694 | D:9      | Reached skill level 6 in Armour
  6029 | D:9      | Reached ***** piety under Trog
  6036 | D:9      | Reached skill level 11 in Short Blades
  6038 | D:9      | Reached skill level 7 in Fighting
  6170 | D:9      | Reached skill level 10 in Bows
  6308 | D:9      | Noticed Erolcha
  6325 | D:9      | Killed Erolcha
  6483 | D:9      | Splashed by Maurice's acid

Skill      XL: |  1  2  3  4  5  6  7  8  9 10 |
---------------+-------------------------------+-----
Armour         | 2 3 4 5 6 |  6.4
Short Blades   | 4 5 6 7 9 10 11 | 11.7
Dodging        | 3 4 5 6 |  6.9
Fighting       | 4 5 6 7 |  7.4
Bows           | 1 3 6 8 10 | 10.6

Action                   |  1- 3 |  4- 6 |  7- 9 | 10-12 || total
-------------------------+-------+-------+-------+-------++-------
Melee: Short sword       |   114 |   164 |   155 |       ||   433
       Dagger            |   103 |    36 |       |       ||   139
       Rapier            |       |       |   179 |   197 ||   376
       Great sword       |       |       |    27 |       ||    27
 Fire: Shortbow          |       |     1 |       |    16 ||    17
Throw: Tomahawk          |       |       |       |     1 ||     1
Invok: Berserk           |     4 |    11 |    11 |     7 ||    33
       Trog's Hand       |       |     2 |     1 |     3 ||     6
       Burn Spellbooks   |       |       |       |     2 ||     2
Evoke: Wand              |       |       |     3 |     3 ||     6
  Use: Scroll            |     7 |     3 |     3 |       ||    13
       Potion            |     1 |       |       |       ||     1
  Eat: Chunk             |     5 |    15 |    19 |     9 ||    48
       Royal jelly       |       |       |       |     1 ||     1
       Fruit             |       |       |       |     1 ||     1
Armor: Animal skin       |     3 |       |       |       ||     3
       Scale mail        |    91 |    49 |       |       ||   140
       Plate armour      |       |    11 |   146 |    51 ||   208
Dodge: Dodged            |   130 |    68 |    89 |    51 ||   338
       Rpst.: Great sword |       |       |     2 |       ||     2
